 Dungeon Crawl Stone Soup version 0.30-a0-556-g0a0f5a245f (webtiles) character file.

Game seed: 14573736208534747689

174 Bnni the Vexing (level 5, -7/38 HPs)
             Began as a Formicid Hexslinger on Dec 27, 2022.
             Killed by an exploding iguana (35 damage)
             ... ignited by their inner flame
             ... on level 4 of the Dungeon.
             The game lasted 00:03:59 (3200 turns).

Bnni the Vexing (Formicid Hexslinger)               Turns: 3200, Time: 00:03:59

Health: -7/38      AC:  2    Str: 14    XL:     5   Next: 84%
Magic:  5/8        EV: 11    Int: 15    God:
Gold:   107        SH:  9    Dex: 14    Spells: 4/8 levels left

rFire   . . .      SeeInvis +    a - +1 sling
rCold   + + .      Faith    .    g - +0 buckler
rNeg    . . .      Spirit   .    c - +0 robe
rPois   .          Reflect  +    (helmet unavailable)
rElec   .          Harm     .    (no cloak)
rCorr   .          Rampage  .    (no gloves)
Will    .....                    (no boots)
Stlth   +                        o - amulet of reflection
HPRegen 0.26/turn                m - ring of protection from cold
MPRegen 0.11/turn                e - ring of protection from cold

@: no status effects
A: permanent stasis, dig shafts and tunnels, antennae 3, four strong arms
a: Dig, Shaft Self


You were on level 4 of the Dungeon.
You visited 1 branch of the dungeon, and saw 4 of its levels.

You collected 107 gold pieces.

Inventory:

Hand Weapons
 a - a +1 sling (weapon)
Missiles
 h - 3 curare-tipped darts
Armour
 c - a +0 robe (worn)
 g - a +0 buckler (worn)
Jewellery
 e - a ring of protection from cold (right hand)
 j - a +6 ring of strength
 m - a ring of protection from cold (left hand)
 o - an amulet of reflection (around neck)
 u - an amulet of guardian spirit
Scrolls
 b - a scroll of poison
 d - 3 scrolls of teleportation {unknown}
 f - a scroll of brand weapon {unknown}
 i - 2 scrolls of vulnerability {unknown}
 k - 2 scrolls of identify {unknown}
 l - 2 scrolls of fog {unknown}
 p - 2 scrolls of enchant weapon {unknown}
 q - a scroll of noise {unknown}
 r - a scroll of silence {unknown}
 t - a scroll of fear {unknown}
Potions
 n - a potion of curing
 s - 2 potions of heal wounds {unknown}


   Skills:
 + Level 2.1 Fighting
 * Level 3.4 Ranged Weapons
 - Level 1.7 Dodging
 + Level 1.4 Shields
 + Level 2.0 Spellcasting
 * Level 4.8 Hexes
 + Level 1.5 Fire Magic


You had 4 spell levels left.
You knew the following spells:

 Your Spells              Type           Power      Damage    Failure   Level
a - Slow                  Hex            64%        N/A       3%          1
b - Inner Flame           Hex/Fire       11%        N/A       22%         3

Your spell library contained the following spells:

 Spells                   Type           Power      Damage    Failure   Level
 Portal Projectile        Hex/Tloc       16%        N/A       30%         3
 Cause Fear               Hex            8%         N/A       36%         4


Dungeon Overview and Level Annotations

Branches:
Dungeon (4/15)
 Temple: D:4-7

Altars:
Fedhas


Innate Abilities, Weirdness & Mutations

You cannot be hasted, slowed, berserked, paralysed or teleported.
You can dig through walls and to a lower floor.
You have a pair of large antennae on your head. (SInv)
Your four strong arms can wield two-handed weapons with a shield.


Message History

You are no longer poisoned.
The adder closely misses you.
You shoot a sling bullet. The sling bullet hits the adder.
The adder is almost dead.
The adder closely misses you.
You shoot a sling bullet. The sling bullet hits the adder.
You kill the adder!
Your life force feels restored.
Your Spellcasting skill increases to level 2!
You start resting.
Magic restored.
You start resting.
HP restored.
You climb downwards.
The iguana bites you! You block the iguana's attack.
There is a stone staircase leading up, spattered with blood here.
Casting: Slow (safe; 3% risk of failure)
Confirm with . or Enter, or press ? or * to list all spells.
Aiming: Slow (safe; 3% risk of failure)
Press: ? - help, Shift-Dir - straight line, f - iguana
Aim: an iguana (chance to affect: 58%)
The iguana seems to slow down.
Casting: Slow (safe; 3% risk of failure)
Confirm with . or Enter, or press ? or * to list all spells.
The spell is quite dangerous to miscast (22% risk of failure)!
Continue anyway? [Y]es or [N]o only, please.
The spell is quite dangerous to miscast (22% risk of failure)!
Continue anyway?
Aiming: Inner Flame (quite dangerous; 22% risk of failure)
Press: ? - help, Dir - move target, f/p - iguana
Aim: an iguana (slow, chance to affect: 71%)
The iguana is filled with an inner flame.
You shoot a sling bullet.
The sling bullet completely misses the iguana.
You shoot a sling bullet. The sling bullet hits the iguana.
Flame seeps out of the iguana.
The iguana is moderately wounded.
The iguana is engulfed in blazing flames.
The iguana explodes!
The fiery explosion engulfs you!!
Ouch! That really hurt!
You die...

...............#####....#
#.##......<.....#####..##
.. #................#.##
= #..........#........##
# ............##........#
......##..#.#...##...##
.....##.##..§§..#...#
..... #....§○§......#
..## ##...§§@......#
.#............#
............#### .
#............# ..
#............# ..
##.#.........## #.#
###..#.........#
...###.#...#........#
......<#...........##


There were no monsters in sight!

Vanquished Creatures
  An orc priest (D:3)
  An iguana (D:4)
  An orc wizard (D:3)
  5 adders
  A worm (D:3)
  2 dart slugs
  3 orcs (D:3)
  7 endoplasms
  2 goblins
  6 hobgoblins
  4 jackals (D:3)
  4 quokkas
  13 ball pythons
  3 bats
  A frilled lizard (D:2)
  5 kobolds
  5 rats (D:3)
64 creatures vanquished.

Notes
Turn   | Place    | Note
-------+----------+-------------------------------------------
     0 | D:1      | Bnni the Formicid Hexslinger began the quest for the Orb.
     0 | D:1      | Reached XP level 1. HP: 15/15 MP: 2/2
   285 | D:1      | Reached XP level 2. HP: 18/21 MP: 3/3
   598 | D:1      | Reached skill level 4 in Hexes
   673 | D:1      | You fall into a shaft and drop 1 floor!
   674 | D:2      | Found a blossoming altar of Fedhas.
   684 | D:2      | Reached XP level 3. HP: 24/26 MP: 4/4
   688 | D:2      | Learned a level 3 spell: Inner Flame
   989 | D:2      | Reached skill level 1 in Fire Magic
   989 | D:2      | Reached XP level 4. HP: 22/32 MP: 6/6
  1954 | D:3      | Reached skill level 1 in Shields
  1964 | D:3      | Reached XP level 5. HP: 5/38 MP: 5/7
  3200 | D:4      | Killed by an exploding iguana... ignited by their inner
                  | flame

Illustrated notes

Levels and vault maps discovered:
D:1:      saegor_arrival_simple_d, layout_basic
D:2:      layout_basic, basic_altar, minivault_25
D:3:      layout_loops_corners
D:4:      layout_cave_pools, zin_treasury, serial_shops,
          nicolae_shop_bloodbath_and_beyond, st_stairs_7

Skill      XL: |  1  2  3  4  5 |
---------------+----------------+-----
Hexes          | 4 |  4.8
Fire Magic     | 1 |  1.5
Ranged Weapons | 3 |  3.4
Shields        | 1 |  1.4
Fighting       | 2 |  2.1
Spellcasting   | 2 |  2.0
Dodging        | |  1.7

Action                   |  1- 3 |  4- 6 || total
-------------------------+-------+-------++-------
 Fire: Sling             |    93 |   140 ||   233
 Cast: Slow              |     2 |    10 ||    12
       Inner Flame       |       |     1 ||     1
 Abil: Dig               |       |     1 ||     1
  Use: Potion            |       |     2 ||     2
Armor: Robe              |     5 |    16 ||    21
Dodge: Dodged            |    37 |    38 ||    75
Block: Buckler           |     5 |    54 ||    59

Table legend: (Time is in decaauts)
 A = Elapsed time spent in this place.
 B = Non-inter-level travel time spent in this place.
 C = Inter-level travel time spent in this place.
 D = Time resting spent in this place.
 E = Time spent auto-exploring this place.
 F = Levels seen in this place.
 G = Mean time per level.
                   A        B        C        D        E       F      G
               +--------+--------+--------+--------+--------+-----+--------+
         Total |   3267 |   3149 |    118 |    321 |   2322 |   4 |  816.8 |
       Dungeon |   3267 |   3149 |    118 |    321 |   2322 |   4 |  816.8 |
               +--------+--------+--------+--------+--------+-----+--------+

Top non-repeatable levels by time:
     D:3: 1357 daAuts
     D:1: 931 daAuts
     D:2: 849 daAuts
     D:4: 129 daAuts
